 Dungeon Crawl Stone Soup version 0.25-a0-645-gb4487340cb (webtiles) character file.

Game seed: 1372429939539651878, levelgen mode: deterministic

10619 KiliKikkendorf the Spear-Bearer (level 11, -28/94 HPs)
             Began as a Minotaur Fighter on Mar 21, 2020.
             Was an Elder of the Shining One.
             Annihilated by an ettin
             ... wielding a +0 dire flail
              (38 damage)
             ... on level 2 of the Orcish Mines.
             The game lasted 01:21:19 (10614 turns).

KiliKikkendorf the Spear-Bearer (Minotaur Fighter) Turns: 10614, Time: 01:21:20

Health: -28/94     AC: 20    Str: 24    XL:     11   Next: 38%
Magic:  10/10      EV:  6    Int:  5    God:    the Shining One [****..]
Gold:   944        SH: 12    Dex: 10    Spells: 10/10 levels left

rFire    + . .     SeeInvis .   o - +2 trident (vorpal)
rCold    . . .     Gourm    .   c - +1 kite shield
rNeg     + + .     Faith    .   B - +4 plate armour
rPois    +         Spirit   .   (helmet restricted)
rElec    .         Reflect  .   w - scarf {repulsion}
rCorr    .         Harm     .   l - +2 pair of gloves
MR       .....                  (no boots)
Stlth    ..........             (no amulet)
HPRegen  0.25/turn              n - ring of poison resistance
MPRegen  0.12/turn              q - ring of protection from fire

@: glowing, repel missiles
A: retaliatory headbutt, horns 2
a: Divine Shield, Cleansing Flame, Renounce Religion


You were on level 2 of the Orcish Mines.
You worshipped the Shining One.
The Shining One was greatly pleased with you.
You were not hungry.

You visited 2 branches of the dungeon, and saw 13 of its levels.
You also visited: Ossuary.

You collected 944 gold pieces.

Inventory:

Hand Weapons
 a - a +1 long sword
 b - the +7 war axe "Riri" {antimagic, Int+7}
   (You found it on level 8 of the Dungeon)

   It reduces the magical energy of the wielder, and disrupts the spells and
   magical abilities of those hit.
   Natural abilities and divine invocations are not affected.
   It affects your intelligence (+7).
 o - a +2 vorpal trident (weapon)
 r - a +0 great sword
 A - a +0 flail of draining
 D - a +3 falchion of holy wrath
 F - a +0 bardiche
 J - a +3 long sword
Missiles
 e - 19 boomerangs (quivered)
 x - 37 poisoned darts
Armour
 c - a +1 kite shield (worn)
 l - a +2 pair of gloves (worn)
 m - a +2 pair of gloves
 w - a scarf of repulsion (worn)
 B - a +4 plate armour (worn)
Jewellery
 k - a +3 ring of dexterity
 n - a ring of poison resistance (left hand)
 q - a ring of protection from fire (right hand)
Wands
 i - a wand of digging (5)
 s - a wand of random effects (14)
 t - a wand of enslavement (22)
 y - a wand of polymorph (8)
 G - a wand of flame (17)
 H - a wand of paralysis (11)
Scrolls
 g - 9 scrolls of remove curse
 j - 3 scrolls of blinking
 p - 11 scrolls of identify
 v - 2 scrolls of teleportation
 C - a scroll of amnesia
 I - a scroll of holy word
Potions
 d - a potion of might
 h - 2 potions of invisibility
 u - 4 potions of curing
 z - 3 potions of lignification
 E - a potion of haste
Comestibles
 f - 9 rations


   Skills:
 + Level 8.2 Fighting
 - Level 4.5 Long Blades
 + Level 1.4(8.6) Axes
 * Level 12.9(13.0) Polearms
 + Level 4.6 Throwing
 + Level 7.7 Armour
 + Level 2.6 Dodging
 + Level 8.2 Shields
 * Level 7.7 Unarmed Combat
 + Level 0.1 Invocations


You had 10 spell levels left.
You didn't know any spells.
Your spell library contained the following spells:

 Spells                   Type           Power        Failure   Level  Hunger
 Animate Skeleton         Necr           N/A          100%        1    ##.....
 Apportation              Tloc           #.....       100%        1    ##.....
 Corona                   Hex            #......      100%        1    ##.....
 Summon Small Mammal      Summ           #...         100%        1    ##.....
 Confusing Touch          Hex            #.......     100%        3    ####...
 Gell's Gravitas          Tloc           #.........   100%        3    ####...
 Petrify                  Tmut/Erth      #.......     100%        4    #####..
 Metabolic Englaciation   Hex/Ice        #.........   100%        5    ######.
 Yara's Violent Unravell  Hex/Tmut       #.........   100%        5    ######.


Dungeon Overview and Level Annotations

Branches:
Dungeon (11/15)            Temple (0/1) D:6            Lair (0/6) D:10
    Orc (2/2) D:10        Ossuary (visited)
    Elf: Orc:2

Altars:
Fedhas
Gozag
Hepliaklqana
Makhleb
Nemelex Xobeh
Sif Muna
Wu Jian
The Shining One

Shops:
D:5 *   D:10 *


Innate Abilities, Weirdness & Mutations

You reflexively headbutt those who attack you in melee.
You have a pair of horns on your head.


Message History

Found 11 gold pieces.
An ettin comes into view. It is wielding two +0 dire flails.
Found 27 gold pieces.
You see here a cursed -2 giant club.
There is a stone staircase leading up, spattered with blood here.
You climb upwards.
There is a stone staircase leading down here.
Things that are here:
a +0 robe; a +0 dagger; an orc skeleton You can't go up here!
You climb downwards.
There is a stone staircase leading up, spattered with blood here.
You see here a cursed -2 giant club.
The ettin hits you with a +0 dire flail!! x2
You see here a cursed -2 giant club.
There is a stone staircase leading up, spattered with blood here.
The ettin hits you with a +0 dire flail!!
* * * LOW HITPOINT WARNING * * *
The ettin hits you with a +0 dire flail!!!
You die...

....##.####..$ ##.....
........##...####.......
....##..#..............
...####...###........#
....C#....##.......##
^..#.....#####......#
#..#.....#.#.......##
..........###..#C...##...
##.#.###...#..##@[......#
#######.......###......##
##......# ###.#...#
###...## ## ..# ##...# ##
#...## #..## #...# ##.##


You could see an ettin.

Vanquished Creatures
  Harold (D:7)
  Nergalle (D:10)
  The ghost of loom the Charmwright, a novice GnSk (D:5)
  2 trolls (D:10)
  Prince Ribbit (D:6)
  2 hippogriffs (D:9)
  A spriggan (D:7)
  2 wraiths (Ossuary)
  8 yaks (D:9)
  A wyvern (D:7)
  Edmund (D:6)
  2 wargs (D:10)
  3 water moccasins
  7 orc warriors
  2 ice beasts (D:10)
  5 necrophages
  4 ogres
  An eye of draining (D:8)
  3 phantoms
  5 centaurs
  A crocodile (D:8)
  2 big kobolds
  A gnoll sergeant (D:7)
  5 bullfrogs
  A wyvern zombie (D:9)
  A wyvern skeleton (D:9)
  A water moccasin skeleton (D:7)
  A scorpion (D:6)
  14 killer bees
  6 wights
  3 crimson imps
  A centaur zombie (Ossuary)
  A bullfrog zombie (D:9)
  4 hounds
  A quasit (D:6)
  2 jellies
  4 orc priests
  A bullfrog skeleton (D:7)
  10 orc wizards
  4 iguanas
  7 worker ants
  A hound skeleton (D:8)
  6 mummies
  3 worker ant zombies
  4 gnolls (D:7)
  12 adders
  2 shadow imps
  2 oozes (D:1)
  3 adder skeletons
  2 adder zombies (Ossuary)
  5 worms
  2 dart slugs
  10 leopard geckos
  44 orcs
  4 giant cockroaches
  A goblin (D:1)
  8 hobgoblins
  13 jackals
  4 quokkas
  4 ball pythons
  3 bats
  6 frilled lizards
  A goblin zombie (D:5)
  A hobgoblin skeleton (Ossuary)
  A hobgoblin zombie (D:5)
  9 kobolds
  A kobold zombie (Ossuary)
  A leopard gecko skeleton (D:5)
  3 orc zombies (Ossuary)
  2 rats
282 creatures vanquished.

Notes
Turn   | Place    | Note
-------+----------+-------------------------------------------
     0 | D:1      | KiliKikkendorf the Minotaur Fighter began the quest for the
                  | Orb.
     0 | D:1      | Reached XP level 1. HP: 19/19 MP: 0/0
    70 | D:1      | Reached XP level 2. HP: 21/27 MP: 1/1
   500 | D:1      | Reached XP level 3. HP: 29/33 MP: 2/2
   963 | D:2      | Found a blossoming altar of Fedhas.
  1286 | D:3      | Reached XP level 4. HP: 40/40 MP: 3/3
  1293 | D:3      | Found an ornate altar of the Wu Jian Council.
  1755 | D:3      | Found a shimmering blue altar of Sif Muna.
  2115 | D:4      | Noticed a phantom
  2145 | D:4      | Killed a phantom
  2145 | D:4      | Reached skill level 1 in Throwing
  2145 | D:4      | Reached skill level 1 in Unarmed Combat
  2145 | D:4      | Reached XP level 5. HP: 38/47 MP: 4/4
  2285 | D:4      | Found a hazy altar of Hepliaklqana.
  2434 | D:4      | Reached skill level 5 in Shields
  2434 | D:4      | Reached XP level 6. HP: 53/53 MP: 5/5
  2719 | D:4      | Reached skill level 1 in Dodging
  3002 | D:5      | Entered Level 5 of the Dungeon
  3010 | D:5      | Reached skill level 1 in Polearms
  3108 | D:5      | Reached skill level 5 in Fighting
  3115 | D:5      | Found a sparkling altar of Nemelex Xobeh.
  3157 | D:5      | Reached skill level 2 in Polearms
  3164 | D:5      | Found a sand-covered staircase.
  3173 | Ossuary  | Entered an ossuary
  3311 | Ossuary  | Reached XP level 7. HP: 39/61 MP: 6/6
  3437 | Ossuary  | Reached skill level 3 in Polearms
  3486 | Ossuary  | Noticed a wraith
  3486 | Ossuary  | Noticed a flying skull
  3530 | Ossuary  | Noticed a flying skull
  3536 | Ossuary  | Noticed a wraith
  3546 | Ossuary  | Killed a wraith
  3546 | Ossuary  | Reached skill level 4 in Polearms
  3635 | Ossuary  | Noticed a flying skull
  3664 | Ossuary  | Noticed a flying skull
  3708 | Ossuary  | Noticed a wraith
  3720 | Ossuary  | Killed a wraith
  3720 | Ossuary  | Reached skill level 5 in Polearms
  4015 | D:5      | Found a runed translucent gate.
  4015 | D:5      | Found a runed translucent gate.
  4015 | D:5      | Found a runed translucent gate.
  4015 | D:5      | Noticed loom's ghost (novice GnSk)
  4026 | D:5      | Reached XP level 8. HP: 69/69 MP: 7/7
  4040 | D:5      | Found Wiyntump's Assorted Antiques.
  4585 | D:5      | Killed loom's ghost
  4585 | D:5      | Reached skill level 6 in Polearms
  4585 | D:5      | Reached skill level 5 in Armour
  4628 | D:6      | Reached skill level 7 in Polearms
  4718 | D:6      | Found a glowing golden altar of the Shining One.
  4739 | D:6      | Became a worshipper of the Shining One
  4816 | D:6      | Found a staircase to the Ecumenical Temple.
  4871 | D:6      | Noticed Prince Ribbit
  4996 | D:6      | Found an opulent altar of Gozag.
  5355 | D:6      | Killed Prince Ribbit
  5527 | D:6      | Noticed Edmund
  5535 | D:6      | Killed Edmund
  5535 | D:6      | Reached skill level 8 in Polearms
  5535 | D:6      | Reached XP level 9. HP: 72/75 MP: 8/8
  5754 | D:7      | Noticed Harold
  5775 | D:7      | Killed Harold
  5775 | D:7      | Reached skill level 9 in Polearms
  5775 | D:7      | Reached skill level 5 in Unarmed Combat
  6517 | D:7      | Reached * piety under the Shining One
  6683 | D:7      | Reached skill level 10 in Polearms
  7065 | D:8      | Got a slimy war axe
  7066 | D:8      | Identified the +7 war axe "Riri" {antimagic, Int+7} (You
                  | found it on level 8 of the Dungeon)
  7717 | D:9      | Reached XP level 10. HP: 83/83 MP: 9/9
  7771 | D:9      | Reached ** piety under the Shining One
  7801 | D:9      | Reached skill level 1 in Axes
  7890 | D:9      | Reached skill level 11 in Polearms
  8241 | D:9      | Found a burning altar of Makhleb.
  8311 | D:10     | Entered Level 10 of the Dungeon
  8349 | D:10     | Reached *** piety under the Shining One
  8362 | D:10     | Reached skill level 12 in Polearms
  8460 | D:10     | Found a staircase to the Lair.
  8531 | D:10     | Noticed Nergalle
  8879 | D:10     | Reached XP level 11. HP: 92/92 MP: 10/10
  8914 | D:10     | Killed Nergalle
  8975 | D:10     | Found a staircase to the Orcish Mines.
  8978 | D:10     | You fall into a shaft and drop 1 floor!
  9164 | D:11     | Noticed a two-headed ogre
  9187 | D:11     | HP: 1/94 [two-headed ogre/+0 giant club (14)]
  9187 | D:11     | The Shining One protects you from harm!
  9678 | D:10     | Found Usez's Assorted Antiques.
 10133 | Orc:1    | Entered Level 1 of the Orcish Mines
 10143 | D:10     | Reached **** piety under the Shining One
 10490 | Orc:2    | Entered Level 2 of the Orcish Mines
 10578 | Orc:2    | Noticed an ettin
 10614 | Orc:2    | Annihilated by an ettin

Levels and vault maps discovered:
D:1:      zaba_arrival_water, layout_loops_corners, minmay_misc_feat_five
D:2:      layout_rooms, fedhas_altar_3
D:3:      layout_basic, lemuel_coloured_pillars_altar, old_standard_altar
D:4:      layout_basic, lemuel_crystal_altar, kennysheep_small_circle
D:5:      layout_gridville, lemuel_crystal_altar, ebering_ghost_rock_garden,
          portal_sewer_entry_a, nicolae_ossuary_entry_giza, serial_shops,
          shop_fountains, first_ration
D:6:      layout_loops_ring, nicolae_overflow_crystal_walls,
          grunt_gozag_statues, minmay_temple_entry_ruins, uniq_prince_ribbit1,
          uniq_edmund
D:7:      layout_basic, hangedman_decor_riveting, the_bakery,
          minmay_misc_feat_plants, uniq_harold
D:8:      layout_basic, serial_bayou, serial_bayou_pond_e, serial_bayou_shore_b,
          serial_bayou_pond_d, serial_bayou_shore_a, minmay_misc_feat_hallway
D:9:      layout_roguey, lemuel_crystal_altar, serial_undead, serial_undead_e,
          serial_undead_a, serial_undead_f, serial_undead_f, st_stairs_11
D:10:     layout_roguey, lair_entry_dummy, erik_orc_3, serial_shops,
          kennysheep_little_box, uniq_nergalle
D:11:     minmay_separated_statues, layout_loops_ring,
          nicolae_trove_entry_crystal, uniq_gastronok, uniq_psyche
Orc:1:    layout_caves
Orc:2:    pf_orc_diabolical, layout_diamond_mine

Skill      XL: |  1  2  3  4  5  6  7  8  9 10 11 |
---------------+----------------------------------+-----
Fighting       | 4 5 6 7 8 |  8.2
Shields        | 4 5 6 8 |  8.2
Long Blades    | 3 4 |  4.5
Armour         | 4 5 6 7 |  7.7
Throwing       | 1 2 3 4 |  4.6
Unarmed Combat | 1 2 3 4 6 7 |  7.7
Dodging        | 1 2 |  2.6
Polearms       | 2 5 8 10 12 | 12.9
Axes           | 1 |  1.4
Invocations    | |  0.1

Action                   |  1- 3 |  4- 6 |  7- 9 | 10-12 || total
-------------------------+-------+-------+-------+-------++-------
Melee: Long sword        |    72 |    59 |       |       ||   131
       Headbutt          |    10 |    21 |    50 |    67 ||   148
       Trident           |       |    77 |   223 |   413 ||   713
       War axe           |       |       |     7 |       ||     7
Throw: Javelin           |     2 |     9 |     2 |       ||    13
       Boomerang         |       |    20 |    45 |    39 ||   104
Invok: Divine Shield     |       |       |       |     1 ||     1
  Use: Scroll            |     4 |     3 |    12 |     6 ||    25
       Potion            |       |     4 |     4 |     2 ||    10
  Eat: Chunk             |     1 |     2 |     4 |     1 ||     8
       Ration            |       |     2 |     3 |     2 ||     7
Armor: Scale mail        |    39 |    44 |    33 |       ||   116
       Plate armour      |       |       |     9 |   110 ||   119
       Chain mail        |       |       |     3 |       ||     3
Dodge: Dodged            |    33 |    30 |    46 |    53 ||   162
       Deflected         |       |       |       |     6 ||     6
Block: Kite shield       |    42 |    65 |   104 |   196 ||   407
       Rpst.: Long sword |    10 |     4 |       |       ||    14

Table legend:
 A = Non-vault XP
 B = Vault XP
 C = Vault XP percentage of total XP
 D = Non-vault monster count
 E = Vault monster count
 F = Vault count percentage of total count
                 A         B        C        D         E       F
            +---------+---------+-------+---------+---------+-------
      Total |    9519 |    5651 |  37.3 |     225 |      57 |  20.2
            +---------+---------+-------+---------+---------+-------
        D:1 |      42 |       0 |   0.0 |      16 |       0 |   0.0
        D:2 |      56 |       0 |   0.0 |      19 |       0 |   0.0
        D:3 |      37 |       0 |   0.0 |      15 |       0 |   0.0
        D:4 |     335 |       0 |   0.0 |      18 |       0 |   0.0
        D:5 |     225 |     635 |  73.8 |      15 |       6 |  28.6
        D:6 |     435 |     453 |  51.0 |      12 |       2 |  14.3
        D:7 |     834 |    1207 |  59.1 |      19 |       2 |   9.5
        D:8 |     330 |       0 |   0.0 |       4 |       0 |   0.0
        D:9 |    3266 |    1119 |  25.5 |      37 |      15 |  28.8
       D:10 |    2567 |    1509 |  37.0 |      37 |      18 |  32.7
       D:11 |    1018 |       0 |   0.0 |      26 |       0 |   0.0
      Orc:1 |     253 |       0 |   0.0 |       5 |       0 |   0.0
      Orc:2 |     121 |       0 |   0.0 |       2 |       0 |   0.0
    Ossuary |       0 |     728 | 100.0 |       0 |      14 | 100.0
            +---------+---------+-------+---------+---------+-------
